 Dungeon Crawl Stone Soup version 0.29-a0-972-g43c84944fd (webtiles) character file.

Game seed: 16459272451993109071

223 BritishOli the Trooper (level 5, 0/42 HPs)
             Began as a Demonspawn Fighter on July 31, 2022.
             Slain by Grinder (3 damage)
             ... on level 4 of the Dungeon.
             The game lasted 00:04:52 (2738 turns).

BritishOli the Trooper (Demonspawn Fighter)         Turns: 2738, Time: 00:04:53

Health: 0/42       AC:  7    Str: 18    XL:     5   Next: 66%
Magic:  5/5        EV:  9    Int: 10    God:
Gold:   113        SH:  4    Dex: 12    Spells: 4/4 levels left

rFire   . . .      SeeInvis .   a - +0 long sword
rCold   . . .      Faith    .   c - +0 buckler
rNeg    . . .      Spirit   .   b - +0 scale mail
rPois   .          Reflect  .   (no helmet)
rElec   .          Harm     .   (cloak unavailable)
rCorr   .          Rampage  .   (no gloves)
Will    .....                   (no boots)
Stlth   ..........              (no amulet)
HPRegen 0.14/turn               (no ring)
MPRegen 0.09/turn               (no ring)

@: no status effects
A: weakness stinger 3
a: no special abilities


You were on level 4 of the Dungeon.
You visited 1 branch of the dungeon, and saw 4 of its levels.

You collected 113 gold pieces.

Inventory:

Hand Weapons
 a - a +0 long sword (weapon)
Armour
 b - a +0 scale mail (worn)
 c - a +0 buckler (worn)
Scrolls
 h - a scroll of torment {unknown}
 i - a scroll of enchant weapon {unknown}
 k - a scroll of enchant armour {unknown}
 l - a scroll of amnesia {unknown}
 m - a scroll of vulnerability {unknown}
 n - a scroll of noise {unknown}
 p - 5 scrolls of identify {unknown}
 r - 2 scrolls of fog {unknown}
 u - a scroll of magic mapping {unknown}
Potions
 d - 2 potions of might
 e - a potion of mutation {unknown}
 f - a potion of attraction {unknown}
 g - 2 potions of lignification {unknown}
 j - 3 potions of curing {unknown}
 o - 2 potions of flight {unknown}
 q - 3 potions of heal wounds {unknown}
 s - 3 potions of haste {unknown}
 t - a potion of cancellation {unknown}


   Skills:
 + Level 4.1 Fighting
 + Level 3.0 Long Blades
 + Level 3.7 Armour
 + Level 3.7 Shields


You had 4 spell levels left.
You didn't know any spells.
Your spell library contained the following spells:

 Spells                   Type           Power      Damage    Failure   Level
 Sublimation of Blood     Necr           0%         N/A       93%         2
 Wereblood                Tmut           0%         N/A       93%         2
 Ignite Poison            Fire/Tmut/Pois 0%         N/A       99%         3
 Mephitic Cloud           Conj/Pois/Air  0%         N/A       99%         3
 Freezing Cloud           Conj/Ice/Air   0%         6-21      100%        5
 Summon Hydra             Summ           0%         N/A       100%        7


Dungeon Overview and Level Annotations

Branches:
Dungeon (4/15)
 Temple: D:4-7

Altars:
Okawaru

Annotations:
D:4 1 runed translucent door, GrandHerb's ghost, amateur HOFi; Grinder


Innate Abilities, Weirdness & Mutations

You have a sharp stinger which inflicts weakening toxins.


Message History

Grinder hits you but does no damage.
You hit Grinder but do no damage. You tail-slap Grinder.
Grinder looks weaker.
Grinder is heavily wounded.
Grinder hits you.
You barely miss Grinder.
Grinder is heavily wounded.
Grinder closely misses you. x2
You barely miss Grinder. You tail-slap Grinder.
Grinder is heavily wounded.
Grinder hits you but does no damage.
You hit Grinder but do no damage.
Grinder is heavily wounded.
Grinder blinks!
You hit Grinder but do no damage.
Grinder is heavily wounded.
Grinder barely misses you. x2
You closely miss Grinder.
Grinder is moderately wounded.
Grinder hits you but does no damage.
You hit Grinder.
Grinder is heavily wounded.
Grinder hits you. Grinder gestures at you. Pain shoots through your body!
* * * LOW HITPOINT WARNING * * *
You hit Grinder.
Grinder is severely wounded.
Grinder hits you but does no damage.
You slash Grinder!
Grinder is almost dead.
Grinder hits you.
* * * LOW HITPOINT WARNING * * *
You hit Grinder.
Grinder is almost dead.
Grinder hits you.
* * * LOW HITPOINT WARNING * * *
You hit Grinder but do no damage.
Your tail-slap misses Grinder.
Grinder is almost dead.
Grinder hits you but does no damage. Grinder hits you.
You die...

#......# #..#W
#....#.# #..##
#.###..###...# #.#
#....##...
#.###..#......
#####....#.######.
#..........# .
#.#####.###.... .
#@######## ..... .
##5....... #....
#)≈≈≈≈≈≈≈ ....
#≈..≈≈≈.. ....
#≈.≈...≈.
#≈.≈._.≈.
#≈.≈...≈.
#≈..≈≈≈(.
#.≈≈≈≈≈≈≈


You could see Grinder (weak).

Vanquished Creatures
  A necrophage (D:4)
  Natasha (thrice) (D:2)
  4 adders
  A worm (D:4)
  A dart slug (D:4)
  An orc (D:4)
  3 bats (D:3)
  5 endoplasms
  4 giant cockroaches
  4 goblins
  2 hobgoblins
  3 quokkas
  7 ball pythons
  4 kobolds
  2 rats (D:1)
45 creatures vanquished.

Notes
Turn   | Place    | Note
-------+----------+-------------------------------------------
     0 | D:1      | BritishOli the Demonspawn Fighter began the quest for the
                  | Orb.
     0 | D:1      | Reached XP level 1. HP: 18/18 MP: 1/1
   163 | D:1      | Found a faded altar of an unknown god.
   359 | D:1      | Gained mutation: You have a small tail. [demonic ancestry]
   359 | D:1      | Reached XP level 2. HP: 24/24 MP: 2/2
   784 | D:2      | Noticed Natasha
   790 | D:2      | Killed Natasha
   791 | D:2      | Reached XP level 3. HP: 18/29 MP: 3/3
   832 | D:2      | Noticed Natasha
   841 | D:2      | Killed Natasha
   848 | D:2      | Identified the +0 chain mail of the Barracuda {rPois Str+6
                  | Slay-4 Stlth+}
   945 | D:2      | Gained mutation: You have a tail ending in a sharp stinger.
                  | [demonic ancestry]
   945 | D:2      | Reached XP level 4. HP: 22/35 MP: 4/4
  1186 | D:2      | Noticed Natasha
  1199 | D:2      | Killed Natasha
  2295 | D:3      | Gained mutation: You have a sharp stinger which inflicts
                  | weakening toxins. [demonic ancestry]
  2295 | D:3      | Reached XP level 5. HP: 41/42 MP: 5/5
  2655 | D:4      | Found a runed translucent door.
  2655 | D:4      | Noticed GrandHerb's ghost (amateur HOFi)
  2695 | D:4      | Found an iron altar of Okawaru.
  2698 | D:4      | Noticed Grinder
  2710 | D:4      | Reached skill level 4 in Fighting
  2718 | D:4      | Paralysed by Grinder for 5 turns
  2738 | D:4      | Slain by Grinder

Illustrated notes

Levels and vault maps discovered:
D:1:      wander_arrival_abandoned_jail, layout_loops_cross,
          dreamdust_ecumenical_altar_statues
D:2:      layout_basic, uniq_natasha
D:3:      layout_rooms
D:4:      layout_loops_cross, mainiacjoe_overflow_paths,
          mainiacjoe_overflow_catwalk_spiral, portal_sewer_entry_f,
          hellmonk_ghost_happy_afterlife, uniq_grinder

Skill      XL: |  1  2  3  4  5 |
---------------+----------------+-----
Long Blades    | 2 3 |  3.0
Armour         | 3 |  3.7
Shields        | 3 |  3.7
Fighting       | 4 |  4.1

Action                   |  1- 3 |  4- 6 || total
-------------------------+-------+-------++-------
Melee: Long sword        |    42 |   124 ||   166
       Tailslap          |       |    19 ||    19
Armor: Scale mail        |     6 |    56 ||    62
Dodge: Dodged            |    14 |    53 ||    67
Block: Buckler           |     9 |    25 ||    34

Table legend: (Time is in decaauts)
 A = Elapsed time spent in this place.
 B = Non-inter-level travel time spent in this place.
 C = Inter-level travel time spent in this place.
 D = Time resting spent in this place.
 E = Time spent auto-exploring this place.
 F = Levels seen in this place.
 G = Mean time per level.
                   A        B        C        D        E       F      G
               +--------+--------+--------+--------+--------+-----+--------+
         Total |   2789 |   2668 |    121 |    456 |   1834 |   4 |  697.2 |
       Dungeon |   2789 |   2668 |    121 |    456 |   1834 |   4 |  697.2 |
               +--------+--------+--------+--------+--------+-----+--------+

Top non-repeatable levels by time:
     D:2: 1312 daAuts
     D:1: 768 daAuts
     D:3: 474 daAuts
     D:4: 234 daAuts
